 Dungeon Crawl Stone Soup version 0.26.0-16-gc1dbca0489 (webtiles) character file.

Game seed: 892194707120145072

103 vvl the Skirmisher (level 4, -1/35 HPs)
             Began as a Demonspawn Fighter on Jan 19, 2021.
             Slain by Grinder (2 damage)
             ... while paralysed by Grinder
             ... on level 3 of the Dungeon.
             The game lasted 00:05:29 (2103 turns).

vvl the Skirmisher (Demonspawn Fighter)             Turns: 2103, Time: 00:05:29

Health: -1/35      AC:  6    Str: 16 (17) XL:     4   Next: 51%
Magic:  5/5        EV:  2    Int:  8 (9)  God:
Gold:   67         SH:  0    Dex: 10 (13) Spells: 3/3 levels left

rFire    . . .     SeeInvis .     - Unarmed
rCold    . . .     Faith    .   c - +0 kite shield
rNeg     . . .     Spirit   .   b - +0 scale mail
rPois    .         Reflect  .   (no helmet)
rElec    .         Harm     .   (no cloak)
rCorr    .         Rampage  .   (no gloves)
Will     .....                  (no boots)
Stlth    ..........             (no amulet)
HPRegen  0.11/turn              (no ring)
MPRegen  0.09/turn              (no ring)

@: paralysed, mighty, brilliant, attractive
A: claws 1, hooves 1
a: no special abilities


You were on level 3 of the Dungeon.
You visited 1 branch of the dungeon, and saw 3 of its levels.

You collected 67 gold pieces.

Inventory:

Armour
 b - a +0 scale mail (worn)
 c - a +0 kite shield (worn)
Jewellery
 e - an uncursed ring of fire
 g - an uncursed ring of fire
 q - an uncursed amulet of faith {unknown}
Scrolls
 f - a scroll of noise {unknown}
 h - 2 scrolls of fear {unknown}
 j - 2 scrolls of identify
 k - 5 scrolls of remove curse {unknown}
 l - a scroll of amnesia {unknown}
 p - a scroll of enchant armour {unknown}
 r - a scroll of enchant weapon
Potions
 d - a potion of might


   Skills:
 + Level 3.4 Fighting
 - Level 1.9 Axes
 + Level 3.0 Armour
 + Level 1.0 Dodging
 + Level 3.0 Shields
 * Level 1.6 Unarmed Combat
 + Level 1.5 Invocations
 + Level 1.1 Evocations


You had 3 spell levels left.
You didn't know any spells.
Your spell library was empty.

Dungeon Overview and Level Annotations

Branches:
Dungeon (3/15)

Altars:
Wu Jian

Annotations:
D:3 Grinder


Innate Abilities, Weirdness & Mutations

You have sharp fingernails.
You have large cloven feet.


Message History

Grinder is heavily wounded.
Grinder hits you but does no damage.
A hobgoblin comes into view. It is wielding a +0 club.
Grinder says, "You look like you could use a good racking."
You block Grinder's attack. The hobgoblin is pulled toward you!
You closely miss Grinder.
Grinder is heavily wounded.
The hobgoblin shouts!
Grinder gestures at you.
You suddenly lose the ability to move!
The hobgoblin is pulled toward you!
Grinder blinks!
Grinder is pulled toward you!
The hobgoblin hits you but does no damage.
Grinder hits you.
* * * LOW HITPOINT WARNING * * *
You writhe in agony.
* * * LOW HITPOINT WARNING * * *
The hobgoblin hits you with a +0 club.
* * * LOW HITPOINT WARNING * * *
Grinder hits you.
You die...

...#
#.......###.....
.......
..#####.#.....##
#..###. .
###.....# #...#
###......##
#.#..#
###......#..#
#.##.#
#.....##.##.# #
.. #.##..##.#
... . #
##).##.## ###
#g@.....#
#......5........
..#..........###
#..........#
............#
.....##........
..... #......##
###.. #......#


You could see Grinder and a hobgoblin.

Vanquished Creatures
  Jessica (D:3)
  2 adders
  4 worms
  A leopard gecko (D:3)
  4 bats
  3 giant cockroaches
  6 goblins
  4 hobgoblins
  4 jackals (D:3)
  4 kobolds
  A quokka (D:2)
  5 frilled lizards
  7 rats
46 creatures vanquished.

Vanquished Creatures (others)
  4 plants (D:2)
4 creatures vanquished.

Grand Total: 50 creatures vanquished

Notes
Turn   | Place    | Note
-------+----------+-------------------------------------------
     0 | D:1      | vvl the Demonspawn Fighter began the quest for the Orb.
     0 | D:1      | Reached XP level 1. HP: 18/18 MP: 1/1
   157 | D:1      | Gained mutation: You have sharp fingernails. [demonic
                  | ancestry]
   157 | D:1      | Reached XP level 2. HP: 24/24 MP: 2/2
   723 | D:2      | Found an ornate altar of the Wu Jian Council.
  1079 | D:2      | Gained mutation: You have large cloven feet. [demonic
                  | ancestry]
  1079 | D:2      | Reached XP level 3. HP: 25/29 MP: 3/3
  1244 | D:2      | Reached skill level 1 in Invocations
  1455 | D:2      | Reached skill level 1 in Unarmed Combat
  1968 | D:3      | Reached XP level 4. HP: 33/35 MP: 3/5
  2078 | D:3      | Noticed Grinder
  2079 | D:3      | Noticed Jessica
  2092 | D:3      | Killed Jessica
  2093 | D:3      | Reached skill level 1 in Dodging
  2093 | D:3      | Reached skill level 1 in Evocations
  2100 | D:3      | Paralysed by Grinder for 4 turns
  2103 | D:3      | HP: 1/35 [hobgoblin/+0 club (1)]
  2103 | D:3      | Slain by Grinder

Illustrated notes

Levels and vault maps discovered:
D:1:      amcnicky_arrival_flooded_fountain, layout_basic,
          minmay_misc_feat_plants
D:2:      layout_loops_ring, nzn_wu_jian_contemplation, serial_bayou_lagoon_a,
          minmay_tromino_v7
D:3:      layout_rooms, uniq_grinder, uniq_jessica

Skill      XL: |  1  2  3  4 |
---------------+-------------+-----
Invocations    | 1 |  1.5
Unarmed Combat | 1 |  1.6
Shields        | 3 |  3.0
Armour         | 3 |  3.0
Dodging        | 1 |  1.0
Evocations     | 1 |  1.1
Fighting       | |  3.4
Axes           | |  1.9

Action                   |  1- 3 |  4- 6 || total
-------------------------+-------+-------++-------
Melee: War axe           |    18 |       ||    18
       Unarmed           |   155 |    25 ||   180
       Kick              |    15 |     7 ||    22
  Use: Potion            |       |     6 ||     6
       Scroll            |       |     1 ||     1
Armor: Scale mail        |    58 |     8 ||    66
Dodge: Dodged            |    38 |     7 ||    45
Block: Kite shield       |    69 |    10 ||    79
